 Dungeon Crawl Stone Soup version 0.22.1-2-g9c5b331 (webtiles) character file.

248406 ythm the Eclecticist (level 19, -37/106 HPs)
             Began as a Deep Elf Conjurer on Nov 25, 2018.
             Was the Champion of Vehumet.
             Killed from afar by a nagaraja (58 damage)
             ... with a bolt of poison
             ... on level 4 of the Snake Pit.
             The game lasted 05:05:17 (37928 turns).

ythm the Eclecticist (Deep Elf Conjurer)           Turns: 37928, Time: 05:05:18

Health: -37/106    AC: 22    Str:  5    XL:     19   Next: 25%
Magic:  23/54      EV: 20    Int: 29    God:    Vehumet [******]
Gold:   805        SH:  8    Dex: 15    Spells: 2/58 levels left

rFire    . . .     SeeInvis .   a - staff of cold
rCold    + + .     Gourm    .   V - +3 buckler {AC+3}
rNeg     . . .     Faith    .   B - +2 robe {rC+}
rPois    x         Spirit   .   x - +2 helmet
rElec    .         Reflect  .   y - +0 cloak (curse)
rCorr    .         Harm     .   g - +1 pair of gloves
MR       +....                  F - +0 pair of boots
Stlth    +++++.....             L - amulet of magic regeneration
HPRegen  0.27/turn              l - +5 ring of protection
MPRegen  0.59/turn              P - ring of magical power

@: lethally poisoned (-37 -> -82), about to teleport, poison vulnerable
A: molten scales 1, rugged brown scales 1
}: 1/15 runes: barnacled
a: Renounce Religion


You were on level 4 of the Snake Pit.
You worshipped Vehumet.
Vehumet was exalted by your worship.
You were hungry.

You visited 6 branches of the dungeon, and saw 32 of its levels.
You also visited: Ice Cave.

You collected 3665 gold pieces.
You spent 2860 gold pieces at shops.

Inventory:

Missiles
 G - 5 throwing nets (quivered)
Armour
 g - a +1 pair of gloves (worn)
 k - a +2 robe of positive energy
 q - the +2 helmet of Quelye Eqio {rF- Int+4 Slay+5}
   (You found it on level 5 of the Dungeon)

   It affects your intelligence (+4).
   It affects your accuracy and damage with ranged weapons and melee attacks
   (+5).
   It makes you vulnerable to fire.
 x - a +2 helmet (worn)
 y - a cursed +0 cloak (worn)
 B - a +2 robe of cold resistance (worn)
 F - a +0 pair of boots (worn)
 V - a +3 buckler of protection (worn)
 X - +0 fire dragon scales
Magical Staves
 a - an uncursed staff of cold (weapon)
 b - an uncursed staff of wizardry
Jewellery
 l - a +5 ring of protection (left hand)
 p - an uncursed ring of wizardry
 C - an uncursed ring of fire
 L - an amulet of magic regeneration (around neck)
 N - an uncursed ring of see invisible
 P - a ring of magical power (right hand)
 T - the ring "Dacusar" {Ice Str+4 Int+4 Dex+2}
   (You found it on level 9 of the Dungeon)

   [ring of ice]

   It enhances your ice magic.
   It affects your strength (+4).
   It affects your intelligence (+4).
   It affects your dexterity (+2).
   It makes you vulnerable to fire.
   It protects you from cold.
 Z - an uncursed ring of resist corrosion
Wands
 e - a wand of iceblast (28)
 u - a wand of polymorph (25)
 z - a wand of paralysis (19)
 J - a wand of digging (11)
 M - a wand of enslavement (3)
 U - a wand of disintegration (37)
Scrolls
 f - 6 scrolls of enchant armour
 j - 8 scrolls of teleportation
 m - a scroll of amnesia
 r - a scroll of identify
 A - 8 scrolls of magic mapping
 I - 3 scrolls of immolation
 K - a scroll of fog
 Y - 5 scrolls of remove curse
Potions
 d - 4 potions of flight
 h - 8 potions of lignification
 i - 3 potions of cancellation
 o - 12 potions of curing
 t - 4 potions of might
 D - 6 potions of brilliance
 E - 4 potions of ambrosia
 O - a potion of resistance
 Q - 4 potions of agility
 R - 4 potions of mutation
 W - 3 potions of haste
Miscellaneous
 n - a crystal ball of energy
 s - a phial of floods
 v - a lamp of fire (inert)
 H - a fan of gales (inert)
 S - a sack of spiders
Comestibles
 c - 39 rations


   Skills:
 - Level 6.0 Fighting
 - Level 11.1 Dodging
 - Level 10.6 Stealth
 - Level 4.8 Shields
 + Level 20.0 Spellcasting
 - Level 18.4 Conjurations
 - Level 11.0 Charms
 - Level 5.1 Summonings
 - Level 11.7 Ice Magic
 - Level 6.2 Air Magic
 * Level 10.8 Earth Magic
 - Level 8.0 Evocations


You had 2 spell levels left.
You knew the following spells:

 Your Spells              Type           Power        Failure   Level  Hunger
a - Magic Dart            Conj           ####         0%          1    None
b - Blink                 Tloc           N/A          1%          2    None
d - Iskenderun's Mystic   Conj           #######.     0%          4    None
e - Deflect Missiles      Chrm/Air       ######....   6%          6    None
f - Force Lance           Conj/Tloc      ######..     1%          4    None
g - Sandblast             Erth           ######       0%          1    None
h - Freezing Cloud        Conj/Ice/Air   #######...   1%          6    None
i - Summon Lightning Spi  Summ/Air       ######..     1%          4    None
j - Throw Icicle          Conj/Ice       ########     1%          4    None
k - Bolt of Cold          Conj/Ice       ########..   1%          6    None
l - Summon Butterflies    Summ           ######..     1%          1    None
m - Apportation           Tloc           ####..       1%          1    None
n - Searing Ray           Conj           ######       0%          2    None
x - Poison Arrow          Conj/Pois      ######....   1%          6    None
z - Lehudib's Crystal Sp  Conj/Erth      #######...   6%          8    #####..

Your spell library contained the following spells:

 Spells                   Type           Power        Failure   Level  Hunger
 Chain Lightning          Conj/Air       #######...   16%         8    #####..
 Glaciate                 Conj/Ice       ########..   54%         9    ######.
 Freeze                   Ice            ####         0%          1    None
 Throw Frost              Conj/Ice       ######       0%          2    None
 Summon Small Mammal      Summ           ####         1%          1    None
 Call Imp                 Summ           ######..     1%          2    None
 Slow                     Hex            ####....     1%          2    None
 Call Canine Familiar     Summ           ######..     1%          3    None
 Conjure Flame            Conj/Fire      ######..     1%          3    None
 Dazzling Spray           Conj/Hex       ######       1%          3    None
 Mephitic Cloud           Conj/Pois/Air  ######..     1%          3    None
 Ozocubu's Armour         Chrm/Ice       #######.     1%          3    None
 Summon Guardian Golem    Hex/Summ       #####...     1%          3    None
 Fulminant Prism          Conj/Hex       ######....   1%          4    None
 Ice Form                 Ice/Tmut       #######.     1%          4    None
 Summon Ice Beast         Ice/Summ       #######.     1%          4    None
 Ozocubu's Refrigeration  Ice            #######...   1%          6    None
 Metabolic Englaciation   Hex/Ice        #######...   3%          5    None
 Lesser Beckoning         Tloc           ####......   4%          3    None
 Tukima's Dance           Hex            ####....     4%          3    None
 Silence                  Hex/Air        #####.....   11%         5    None
 Yara's Violent Unravell  Hex/Tmut       ####......   11%         5    None
 Cause Fear               Hex            ####......   13%         4    None
 Summon Mana Viper        Hex/Summ       #####...     13%         5    None
 Simulacrum               Ice/Necr       #######...   19%         6    None
 Alistair's Intoxication  Tmut/Pois      ####....     36%         5    None
 Summon Hydra             Summ           ######....   80%         7    ###....
 Invisibility             Hex            ####....     90%         6    None
 Discord                  Hex            ####......   100%        8    #####..


Dungeon Overview and Level Annotations

Branches:
Dungeon (15/15)            Temple (1/1) D:5            Lair (6/6) D:9
 Shoals (4/4) Lair:3        Snake (4/4) Lair:4        Slime (0/5) Lair:5
    Orc (2/2) D:9             Elf (0/3) Orc:2        Vaults (0/5) D:13
 Depths (0/5) D:15

Altars:
Ashenzari
Cheibriados
Dithmenos
Elyvilon
Fedhas
Gozag
Hepliaklqana
Kikubaaqudgha
Makhleb
Nemelex Xobeh
Okawaru
Qazlal
Ru
Sif Muna
Trog
Uskayaw
Vehumet
Wu Jian
Xom
Yredelemnul
Zin
The Shining One
Beogh
Jiyva

Shops:
D:6 *   Orc:1 }   Orc:2 [(:*   Shoals:4 [

Annotations:
Lair:2 exclusions: downstairs and oklob plant
Lair:3 exclusion: upstairs
Shoals:1 1 runed door, TheDeanity's ghost, adept MiBe
Shoals:3 3 runed doors, markar's ghost, journeyman BaIE
Snake:2 2 transporters
Orc:2 1 runed door, MetaCosm's ghost, journeyman TrBe


Innate Abilities, Weirdness & Mutations

You are partially covered in molten scales. (AC +2)
You are partially covered in rugged brown scales. (AC +1, +3% HP)


Message History

The naga sharpshooter shoots an arrow.
The arrow hits you. The naga mage hits you!
* * * LOW HITPOINT WARNING * * *
The naga warrior hits you but does no damage.
The naga warrior constricts you.
Unknown command.
Unknown command.
Unknown command.
Unknown command.
Okay, then.
Unknown command.
Okay, then.
Evoke which item? (* to show all) (? for menu, Esc to quit)
The naga warrior loses its grip on you.
A fierce wind blows from the fan.
You feel sick.
You hear a shout!
The nagaraja casts a spell at you. The bolt of poison hits you!
You are lethally poisoned!
Ouch! That really hurt!
You die...

##....⌠...### N.. #.#..
#..#........##.N. #.#..
#.....§.§.......N. #.#..
#....#...§N#..#NN. #.##.
#.....)§.N.§..(... #..##
#......§§.§NNN# #....
#......§§.§...# #....
#########...##).(############....
.............§§.@.§§.............
.....#####.......N..§§...........
.....#...##..§§.§.§§.....##......
.....#....'..§§.N.§§§§..####.....
.....#....#..§.§...§...## #......
##...#'.#+#...........## ##......
##...###..............###.......
#..........#####...............
#..........## #...............


You could see a naga warrior, a nagaraja, a naga sharpshooter, a naga mage and a
naga.

Vanquished Creatures
  Rupert (Lair:3)
  Ilsuiw (Shoals:3)
  2 nagarajas
  2 orc warlords (Orc:2)
  Louise (Shoals:1)
  Azrael (D:12)
  5 merfolk javelineers
  14 merfolk impalers
  A fire dragon (D:15)
  An ice dragon (D:12)
  A rakshasa (D:15)
  An ogre mage (D:15)
  A vault guard (D:13)
  2 hydras
  9 naga warriors
  3 merfolk avatars
  5 centaur warriors
  6 anacondas
  3 merfolk aquamancers
  7 two-headed ogres
  Erica (Orc:1)
  An alligator snapping turtle (Shoals:4)
  4 satyrs
  5 naga sharpshooters
  6 death yaks
  6 shock serpents
  An orc high priest (Orc:2)
  10 sea snakes
  A salamander mystic (Snake:3)
  4 unseen horrors
  5 naga ritualists
  13 harpies
  Pikel (D:7)
  An orc knight (Orc:1)
  A spectral wolf spider (D:15)
  A swamp dragon (shapeshifter) (D:15)
  5 ugly things
  20 fauns
  4 mana vipers
  A wolf spider zombie (D:14)
  3 orc sorcerers
  7 cyclopes
  13 manticores
  2 deep elf magi
  2 oklob plants
  17 elephants
  8 salamanders
  3 guardian serpents
  2 torpor snails
  19 black mambas
  14 naga magi
  17 merfolk sirens
  3 water nymphs
  An ice statue (IceCv)
  13 spiny frogs
  2 gargoyles
  Joseph (D:8)
  5 kobold demonologists
  4 rime drakes
  8 komodo dragons
  2 efreet (D:15)
  4 polar bears (Lair:6)
  5 freezing wraiths (IceCv)
  34 merfolk
  The ghost of ythm the Chopper, an amateur MiGl (D:5)
  8 wind drakes
  4 hornets (Lair:6)
  5 trolls
  A wolf spider simulacrum (D:14)
  Prince Ribbit (D:8)
  9 snapping turtles
  14 hippogriffs
  14 blink frogs
  8 dream sheep
  2 wraiths
  3 shadows (D:13)
  2 wyverns
  8 water elementals
  12 spriggans (Lair:6)
  44 yaks
  3 fire elementals (D:12)
  4 hungry ghosts
  A basilisk (D:15)
  5 wargs (Orc:2)
  Menkaure (D:4)
  46 nagas
  2 vampire mosquitoes (D:14)
  12 water moccasins
  8 porcupines
  5 hell hounds (D:12)
  Duvessa (D:7)
  14 ice beasts
  7 black bears
  35 orc warriors
  3 slaves (D:7)
  5 boggarts (Lair:6)
  2 phantoms (D:8)
  10 necrophages
  4 sky beasts
  23 wolves
  8 ogres
  22 centaurs
  17 crocodiles
  A crocodile (shapeshifter) (D:14)
  2 big kobolds
  14 bullfrogs
  Dowan (D:7)
  5 scorpions
  A wyvern skeleton (D:8)
  8 killer bees
  16 wights
  2 howler monkeys (D:5)
  2 electric eels
  6 crimson imps
  9 centaur zombies
  3 draconian simulacra (IceCv)
  5 jellies
  7 hounds
  29 orc wizards
  22 orc priests
  10 centaur skeletons
  A bullfrog skeleton (D:5)
  6 iguanas
  Jessica (D:3)
  4 spriggan simulacra (IceCv)
  8 worker ants
  A troll simulacrum (IceCv)
  A polar bear simulacrum (IceCv)
  2 wolf simulacra (IceCv)
  2 centaur simulacra (IceCv)
  A hound zombie (D:7)
  4 hound skeletons
  Robin (D:4)
  19 gnolls
  A howler monkey skeleton (D:4)
  An ogre simulacrum (IceCv)
  13 adders
  2 naga simulacra (IceCv)
  9 shadow imps
  5 white imps (IceCv)
  3 oozes
  5 worms
  3 dart slugs
  5 leopard geckos
  93 orcs
  A giant cockroach (D:2)
  41 goblins
  20 hobgoblins
  2 jackals (D:2)
  16 kobolds
  6 quokkas
  A ball python skeleton (D:4)
  4 bats
  4 frilled lizards
  3 quokka skeletons
  4 rats
  A bush (Lair:6)
  9 fungi
  23 plants
1190 creatures vanquished.

Vanquished Creatures (collateral kills)
  A naga warrior (Snake:3)
  An ice dragon (D:15)
  A death yak (Lair:3)
  A necromancer (IceCv)
  3 fauns
  An elephant (Lair:6)
  2 centaur skeletons
  A spiny frog (Lair:3)
  5 freezing wraiths (IceCv)
  A hippogriff (Lair:1)
  2 blink frogs (Lair:6)
  A spriggan (D:11)
  A wraith (D:11)
  4 yaks (Lair:1)
  A human (D:11)
  A death yak simulacrum (IceCv)
  A warg (Orc:1)
  3 water moccasins
  A porcupine (Lair:2)
  6 ice beasts
  An ogre (D:8)
  8 wolves
  3 crocodiles
  3 bullfrogs
  A gnoll sergeant (D:9)
  A killer bee (D:9)
  A wight (D:10)
  2 crimson imps (D:9)
  2 draconian simulacra (IceCv)
  2 jellies
  3 orc priests
  A hound (D:9)
  6 orc wizards
  A troll simulacrum (IceCv)
  A centaur simulacrum (IceCv)
  A gnoll (D:9)
  An adder (D:8)
  3 naga simulacra (IceCv)
  7 white imps (IceCv)
  26 orcs
112 creatures vanquished.

Vanquished Creatures (others)
  A merfolk (Shoals:3)
  A crimson imp (D:7)
  An orc (D:8)
  A goblin (D:4)
  3 bushes
  23 fulminant prisms
  15 fungi
  22 plants
  6 toadstools (Lair:6)
  3 withered plants (D:8)
76 creatures vanquished.

Grand Total: 1378 creatures vanquished

Notes
Turn   | Place    | Note
-------+----------+-------------------------------------------
     0 | D:1      | ythm the Deep Elf Conjurer began the quest for the Orb.
     0 | D:1      | Reached XP level 1. HP: 10/10 MP: 6/6
   233 | D:1      | Reached XP level 2. HP: 15/15 MP: 5/8
   350 | D:1      | Learned a level 2 spell: Searing Ray
   741 | D:1      | Reached skill level 5 in Conjurations
   924 | D:2      | Reached XP level 3. HP: 19/19 MP: 2/10
  1071 | D:2      | Learned a level 3 spell: Dazzling Spray
  1521 | D:3      | Reached skill level 4 in Spellcasting
  1544 | D:3      | Reached XP level 4. HP: 20/24 MP: 3/12
  1803 | D:3      | Noticed Jessica
  1807 | D:3      | Killed Jessica
  1898 | D:4      | Noticed Robin
  1946 | D:4      | Killed Robin
  2093 | D:4      | Learned a level 4 spell: Iskenderun's Mystic Blast
  2242 | D:4      | Reached XP level 5. HP: 22/28 MP: 9/14
  2489 | D:4      | Reached skill level 5 in Spellcasting
  2603 | D:3      | Found a blossoming altar of Fedhas.
  2657 | D:3      | Reached XP level 6. HP: 32/32 MP: 9/16
  2993 | D:3      | Learned a level 4 spell: Fulminant Prism
  3726 | D:3      | Reached skill level 6 in Spellcasting
  3838 | D:3      | Reached XP level 7. HP: 32/36 MP: 6/18
  4044 | D:4      | Noticed Menkaure
  4533 | D:4      | Found an iron altar of Okawaru.
  4542 | D:4      | Found a bloodstained altar of Trog.
  4547 | D:4      | Found a radiant altar of Vehumet.
  4551 | D:4      | Became a worshipper of Vehumet
  4878 | D:4      | Killed Menkaure
  4878 | D:4      | Reached skill level 7 in Spellcasting
  4996 | D:4      | You fall through a shaft!
  4996 | D:5      | Entered Level 5 of the Dungeon
  4996 | D:5      | Found a staircase to the Ecumenical Temple.
  4999 | Temple   | Entered the Ecumenical Temple
  5191 | D:5      | Got a spiked helmet
  5202 | D:5      | Identified the +2 helmet of Quelye Eqio {rF- Int+4 Slay+5}
                  | (You found it on level 5 of the Dungeon)
  5207 | D:5      | Learned a level 4 spell: Force Lance
  5241 | D:5      | Reached XP level 8. HP: 40/41 MP: 10/21
  5564 | D:5      | Found a runed gate.
  5564 | D:5      | Found a runed gate.
  5566 | D:5      | Found a runed gate.
  5620 | D:5      | Reached * piety under Vehumet
  5620 | D:5      | Offered knowledge of Sandblast by Vehumet.
  5620 | D:5      | Reached skill level 8 in Spellcasting
  5623 | D:5      | Learned a level 1 spell: Sandblast
  5626 | D:5      | Noticed ythm's ghost (amateur MiGl)
  5900 | D:5      | Reached skill level 10 in Conjurations
  5900 | D:5      | Reached skill level 1 in Earth Magic
  5913 | D:5      | Killed ythm's ghost
  6599 | D:6      | Found Cinotocw's General Store.
  6619 | D:6      | Reached skill level 9 in Spellcasting
  6629 | D:6      | Reached XP level 9. HP: 40/45 MP: 11/24
  6828 | D:6      | Reached skill level 5 in Earth Magic
  7745 | D:7      | Noticed Dowan
  7745 | D:7      | Noticed Duvessa
  7752 | D:7      | Killed Duvessa
  7757 | D:7      | Killed Dowan
  7979 | D:7      | Reached skill level 10 in Spellcasting
  8006 | D:7      | Found a shattered altar of Ashenzari.
  8094 | D:7      | Offered knowledge of Throw Flame by Vehumet.
  8128 | D:7      | Learned a level 2 spell: Throw Flame
  8139 | D:7      | Noticed Pikel
  8149 | D:7      | Killed Pikel
  8286 | D:7      | Found a hide-covered altar of Uskayaw.
  8286 | D:7      | Found an opulent altar of Gozag.
  8385 | D:7      | Found a shadowy altar of Dithmenos.
  8771 | D:7      | Reached XP level 10. HP: 18/50 MP: 18/26
  9345 | D:8      | Learned a level 4 spell: Summon Lightning Spire
  9417 | D:8      | Noticed Joseph
  9425 | D:8      | Killed Joseph
  9425 | D:8      | Reached skill level 1 in Summonings
  9515 | D:8      | Reached ** piety under Vehumet
  9720 | D:8      | Found a basalt altar of Yredelemnul.
  9827 | D:8      | Noticed Prince Ribbit
  9832 | D:8      | Killed Prince Ribbit
  9832 | D:8      | Reached skill level 11 in Spellcasting
  9836 | D:8      | Offered knowledge of Ignite Poison by Vehumet.
  9846 | D:8      | Found a roughly hewn altar of Beogh.
  9851 | D:8      | Reached *** piety under Vehumet
 10133 | D:6      | Bought a scroll of summoning for 123 gold pieces
 10133 | D:6      | Bought a potion of agility for 52 gold pieces
 10133 | D:6      | Bought a potion of berserk rage for 65 gold pieces
 10398 | D:9      | Found a glowing silver altar of Zin.
 10400 | D:9      | Found a white marble altar of Elyvilon.
 10403 | D:9      | Found a sparkling altar of Nemelex Xobeh.
 10434 | D:9      | Got a bloodstained ring mail
 10437 | D:9      | Found a staircase to the Orcish Mines.
 10723 | D:9      | Offered knowledge of Conjure Flame by Vehumet.
 10723 | D:9      | Reached skill level 5 in Summonings
 10780 | D:9      | Got a smoking tin ring
 10919 | D:9      | Found a roughly hewn altar of Beogh.
 10980 | D:9      | Found a staircase to the Lair.
 11217 | D:9      | Found a shadowy altar of Dithmenos.
 11428 | D:10     | Entered Level 10 of the Dungeon
 11478 | D:10     | Reached **** piety under Vehumet
 11624 | D:10     | Offered knowledge of Throw Icicle by Vehumet.
 11630 | D:10     | Learned a level 4 spell: Throw Icicle
 12066 | D:10     | Reached XP level 11. HP: 54/54 MP: 14/28
 12148 | D:10     | Reached skill level 5 in Stealth
 12264 | D:11     | Found a white marble altar of Elyvilon.
 12314 | D:11     | Reached skill level 5 in Dodging
 12414 | D:11     | Noticed a deep elf mage
 12425 | D:11     | Killed a deep elf mage
 12611 | D:11     | Reached ***** piety under Vehumet
 12611 | D:11     | Offered knowledge of Yara's Violent Unravelling by Vehumet.
 12663 | D:11     | Noticed a white ugly thing
 12673 | D:11     | Killed a white ugly thing
 12778 | D:11     | Reached skill level 12 in Spellcasting
 12837 | D:11     | Gained mutation: You are partially covered in rugged brown
                  | scales. (AC +1, +3% HP) [potion of mutation]
 12837 | D:11     | Gained mutation: You are partially covered in molten
                  | scales. (AC +2) [potion of mutation]
 12839 | D:11     | Identified the ring "Dacusar" {Ice Str+4 Int+4 Dex+2} (You
                  | found it on level 9 of the Dungeon)
 12914 | D:11     | Noticed an unseen horror
 12917 | D:11     | Killed an unseen horror
 12945 | D:11     | Identified the +3 ring mail of Oda Orhe {Regen+ Str-5
                  | Int+2} (You found it on level 9 of the Dungeon)
 13340 | Lair:1   | Entered Level 1 of the Lair of Beasts
 14241 | Lair:2   | Reached skill level 1 in Fighting
 14624 | Lair:2   | Noticed an oklob plant
 15117 | Lair:3   | Noticed Rupert
 15213 | Lair:3   | Noticed a death yak
 15213 | Lair:3   | Noticed a death yak
 15215 | Lair:3   | Noticed a death yak
 15217 | Lair:3   | Noticed a death yak
 15220 | Lair:3   | Noticed a death yak
 15251 | Lair:2   | Killed a death yak
 15354 | Orc:1    | Entered Level 1 of the Orcish Mines
 15356 | Orc:1    | Noticed an orc knight
 15399 | Orc:1    | Found a frozen archway.
 15412 | Orc:1    | Reached XP level 12. HP: 55/65 MP: 18/30
 15417 | Orc:1    | Offered knowledge of Bolt of Cold by Vehumet.
 15463 | IceCv    | Entered an ice cave
 15677 | IceCv    | Learned a level 6 spell: Bolt of Cold
 15712 | IceCv    | Reached skill level 1 in Ice Magic
 16184 | IceCv    | Found an ancient bone altar of Kikubaaqudgha.
 16594 | IceCv    | Reached skill level 13 in Spellcasting
 17064 | Orc:1    | Noticed Erica
 17069 | Orc:1    | Killed Erica
 17231 | Orc:1    | Found Ocoul's Gadget Shop.
 17792 | Lair:3   | Killed a death yak
 17792 | Lair:3   | Reached skill level 5 in Fighting
 17801 | Lair:3   | Killed a death yak
 17801 | Lair:3   | Reached skill level 5 in Ice Magic
 17805 | Lair:3   | Killed a death yak
 17807 | Lair:3   | Killed a death yak
 18011 | Lair:3   | Found a staircase to the Shoals.
 18048 | Lair:3   | Killed Rupert
 18048 | Lair:3   | Reached XP level 13. HP: 76/76 MP: 14/32
 18092 | Lair:3   | Learned a level 6 spell: Freezing Cloud
 18333 | Lair:3   | Reached skill level 1 in Air Magic
 18494 | Lair:4   | Offered knowledge of Spellforged Servitor by Vehumet.
 18550 | Lair:4   | Found a staircase to the Snake Pit.
 18705 | Lair:4   | Reached skill level 14 in Spellcasting
 19607 | Lair:5   | Found a viscous altar of Jiyva.
 19608 | Lair:5   | Found a staircase to the Slime Pits.
 19639 | Lair:5   | Learned a level 1 spell: Summon Butterflies
 20245 | Lair:6   | Entered Level 6 of the Lair of Beasts
 20306 | Lair:6   | Found a shimmering altar of Xom.
 20412 | Lair:6   | Reached skill level 10 in Ice Magic
 20520 | Lair:6   | Offered knowledge of Bolt of Magma by Vehumet.
 20521 | Lair:6   | Reached XP level 14. HP: 82/82 MP: 3/34
 20798 | Lair:6   | Reached skill level 15 in Spellcasting
 21412 | Lair:6   | Reached skill level 1 in Evocations
 21435 | Lair:6   | Reached ****** piety under Vehumet
 21467 | Lair:6   | Reached XP level 15. HP: 86/86 MP: 23/36
 21468 | Lair:6   | Reached XP level 16. HP: 90/90 MP: 24/37
 21587 | Lair:6   | Found a blossoming altar of Fedhas.
 22031 | Orc:2    | Entered Level 2 of the Orcish Mines
 22290 | Orc:2    | Offered knowledge of Orb of Destruction by Vehumet.
 22322 | Orc:2    | Found a runed door.
 22322 | Orc:2    | Noticed MetaCosm's ghost (journeyman TrBe)
 22370 | Orc:2    | Found a roughly hewn altar of Beogh.
 22486 | Orc:2    | Found a staircase to the Elven Halls.
 22959 | Orc:2    | Found a roughly hewn altar of Beogh.
 22968 | Orc:2    | Found Geytikyugu's Book Shop.
 23144 | Orc:2    | Found a roughly hewn altar of Beogh.
 23195 | Orc:2    | Found Miqahedi's General Store.
 23200 | Orc:2    | Bought a potion of heal wounds for 80 gold pieces
 23729 | Orc:2    | Paralysed by an orc sorcerer for 3 turns
 23848 | Orc:2    | Found Feinkesa's Antique Armour Emporium.
 23848 | Orc:2    | Found a roughly hewn altar of Beogh.
 23850 | Orc:2    | Found Ucuj Qeom's Antique Weapon Shoppe.
 24490 | D:12     | Reached skill level 10 in Dodging
 24927 | D:12     | Noticed Azrael
 24932 | D:12     | Killed Azrael
 24933 | D:12     | Reached skill level 10 in Stealth
 25527 | D:13     | Offered knowledge of Poison Arrow by Vehumet.
 25560 | D:13     | Learned a level 6 spell: Poison Arrow
 25785 | D:13     | Found a gate to the Vaults.
 26404 | D:14     | Reached skill level 15 in Conjurations
 26408 | D:14     | Reached skill level 16 in Spellcasting
 26486 | D:14     | Reached XP level 17. HP: 95/95 MP: 10/39
 27272 | D:14     | Learned a level 6 spell: Deflect Missiles
 27355 | D:15     | Entered Level 15 of the Dungeon
 27367 | D:15     | Reached skill level 1 in Charms
 27543 | D:15     | Offered knowledge of Bolt of Fire by Vehumet.
 27748 | D:15     | Reached skill level 5 in Charms
 28113 | D:15     | Reached skill level 5 in Air Magic
 28175 | D:15     | Found a staircase to the Depths.
 28690 | Shoals:1 | Entered Level 1 of the Shoals
 28746 | Shoals:1 | Found a runed door.
 28747 | Shoals:1 | Noticed TheDeanity's ghost (adept MiBe)
 28749 | Shoals:1 | Noticed Louise
 28763 | Shoals:1 | Killed Louise
 30080 | Shoals:2 | Offered knowledge of Lehudib's Crystal Spear by Vehumet.
 30080 | Shoals:2 | Offered knowledge of Glaciate by Vehumet.
 30080 | Shoals:2 | Offered knowledge of Chain Lightning by Vehumet.
 30138 | Shoals:1 | Reached skill level 10 in Charms
 30331 | Orc:1    | Bought a fan of gales for 640 gold pieces
 30331 | Orc:1    | Bought a phial of floods for 640 gold pieces
 30331 | Orc:1    | Bought a crystal ball of energy for 320 gold pieces
 30381 | Orc:2    | Bought a book of Minor Magic for 340 gold pieces
 30383 | Orc:2    | Learned a level 1 spell: Apportation
 30893 | Shoals:2 | Reached skill level 17 in Spellcasting
 31652 | Shoals:3 | Noticed markar's ghost (journeyman BaIE)
 31654 | Shoals:3 | Found a runed gate.
 31654 | Shoals:3 | Found a runed gate.
 31655 | Shoals:3 | Found a runed gate.
 31679 | Shoals:3 | Noticed Ilsuiw
 31691 | Shoals:3 | Killed Ilsuiw
 31691 | Shoals:3 | Reached XP level 18. HP: 100/100 MP: 25/41
 31915 | Shoals:3 | Learned a level 2 spell: Blink
 31917 | Shoals:3 | Found a glowing golden altar of the Shining One.
 32251 | Shoals:4 | Entered Level 4 of the Shoals
 32893 | Shoals:4 | Reached skill level 18 in Spellcasting
 33026 | Shoals:4 | Found Pock's Antique Armour Shop.
 33161 | Shoals:4 | Got a barnacled rune of Zot
 33186 | Shoals:4 | Bought a glowing buckler for 300 gold pieces
 33186 | Shoals:4 | Bought a shiny buckler for 300 gold pieces
 33825 | Snake:1  | Entered Level 1 of the Snake Pit
 35015 | Snake:2  | Reached skill level 19 in Spellcasting
 35298 | Snake:2  | Found a transporter.
 35361 | Snake:2  | Found a snail-covered altar of Cheibriados.
 35562 | Snake:2  | Found a transporter.
 36316 | Snake:3  | Learned a level 8 spell: Lehudib's Crystal Spear
 36322 | Snake:3  | Found a glowing golden altar of the Shining One.
 36602 | Snake:3  | Reached XP level 19. HP: 106/106 MP: 44/44
 36838 | Snake:4  | Entered Level 4 of the Snake Pit
 37150 | Snake:4  | Reached skill level 10 in Earth Magic
 37595 | Snake:4  | Reached skill level 20 in Spellcasting
 37928 | Snake:4  | Killed from afar by a nagaraja

Skill      XL: |  1  2  3  4  5  6  7  8  9 10 11 12 13 14 15 16 17 18 19 |
---------------+----------------------------------------------------------+-----
Conjurations   | 5 6 7 8 9 10 11 12 13 14 15 16 18 | 18.4
Spellcasting   | 4 5 6 7 9 10 11 12 13 14 15 16 17 19 20 | 20.0
Earth Magic    | 4 8 9 10 | 10.8
Summonings     | 5 |  5.1
Stealth        | 4 7 10 | 10.6
Dodging        | 4 8 11 | 11.1
Fighting       | 2 6 |  6.0
Ice Magic      | 6 10 11 | 11.7
Air Magic      | 1 6 |  6.2
Evocations     | 7 8 |  8.0
Shields        | 4 |  4.8
Charms         | 11 | 11.0

Action                   |  1- 3 |  4- 6 |  7- 9 | 10-12 | 13-15 | 16-18 | 19-21 || total
-------------------------+-------+-------+-------+-------+-------+-------+-------++-------
Melee: Unarmed           |     1 |       |       |       |       |       |       ||     1
       Short sword       |     1 |    33 |       |       |       |       |       ||    34
       Dagger            |     1 |       |       |       |       |       |       ||     1
       Whip              |       |       |     9 |    44 |       |       |       ||    53
       Staff             |       |       |       |     1 |     1 |    29 |     3 ||    34
 Cast: Magic Dart        |    51 |    29 |    54 |    64 |     4 |    25 |     1 ||   228
       Searing Ray       |     7 |    40 |    67 |   118 |     2 |     2 |       ||   236
       Dazzling Spray    |       |     3 |     5 |    16 |     1 |       |       ||    25
       Fulminant Prism   |       |     1 |     5 |    17 |       |       |       ||    23
       Iskenderun's Myst |       |     1 |    12 |    38 |    15 |    19 |       ||    85
       Sandblast         |       |       |     1 |     5 |       |       |       ||     6
       Force Lance       |       |       |     2 |    37 |    10 |    32 |     1 ||    82
       Summon Lightning  |       |       |       |    69 |    15 |     9 |       ||    93
       Throw Flame       |       |       |       |    22 |       |       |       ||    22
       Throw Icicle      |       |       |       |    54 |   117 |   359 |    32 ||   562
       Bolt of Cold      |       |       |       |     4 |    32 |    93 |    11 ||   140
       Freezing Cloud    |       |       |       |       |    27 |   102 |    12 ||   141
       Summon Butterflie |       |       |       |       |     2 |     1 |       ||     3
       Poison Arrow      |       |       |       |       |       |   200 |    13 ||   213
       Deflect Missiles  |       |       |       |       |       |     6 |     1 ||     7
       Blink             |       |       |       |       |       |     2 |    11 ||    13
       Lehudib's Crystal |       |       |       |       |       |     1 |     3 ||     4
Evoke: Wand              |       |       |     2 |     8 |     1 |    55 |     2 ||    68
       Lamp of fire      |       |       |       |       |       |     2 |     1 ||     3
       Fan of gales      |       |       |       |       |       |     1 |     1 ||     2
  Use: Scroll            |       |     1 |    14 |    14 |     6 |    19 |     2 ||    56
       Potion            |       |       |     2 |     3 |     2 |     2 |     1 ||    10
 Stab: Sleeping          |       |       |       |     1 |       |       |       ||     1
       Distracted        |       |       |       |     2 |       |       |       ||     2
  Eat: Chunk             |     2 |     7 |     7 |    21 |    19 |    48 |       ||   104
       Ration            |       |       |     3 |     2 |       |     8 |     1 ||    14
Armor: Robe              |     2 |     2 |       |     1 |     5 |    92 |    12 ||   114
       Animal skin       |       |     7 |    10 |    54 |       |       |       ||    71
       Skin              |       |       |     3 |    19 |       |       |       ||    22
       Leather armour    |       |       |       |     3 |       |       |       ||     3
Dodge: Dodged            |       |    61 |    51 |   180 |    32 |   300 |    29 ||   653
       Deflected         |       |       |       |       |       |    48 |     9 ||    57
Block: Buckler           |       |       |       |       |       |   116 |    11 ||   127
